 Dungeon Crawl Stone Soup version 0.18.1-48-g4cf74bf (webtiles) character file.

42 MBI the Firebug (level 3, -3/28 HPs)
             Began as a Naga Fire Elementalist on July 5, 2016.
             Slain by a goblin (4 damage)
             ... led by Robin
             ... on level 1 of the Dungeon.
             The game lasted 00:07:46 (1143 turns).

MBI the Firebug (Naga Fire Elementalist)            Turns: 1143, Time: 00:07:47

Health: -3/28      AC:  2    Str: 10    XL:     3   Next: 56%
Magic:  1/6        EV: 10    Int: 16    God:
Gold:   47         SH:  0    Dex: 11    Spells: 1 memorised, 5 levels left

rFire  . . .     SeeInvis +     g - +0 short sword
rCold  . . .     Gourm    .     a - +0 robe
rNeg   . . .     Faith    .     (no shield)
rPois  +         Spirit   .     (no helmet)
rElec  .         Dismiss  .     (no cloak)
rCorr  .         Reflect  .     (no gloves)
SustAt .         Harm     .     (no barding)
MR     .....                    (no amulet)
Stlth  ++........               (no ring)
                                (no ring)

@: very slow, not resistant to hostile enchantments, unstealthy
A: see invisible, deformed body, poison resistance, slowness 2, slow metabolism
1, spit poison 2, AC +1
a: Spit Poison


You were on level 1 of the Dungeon.
You were not hungry.

You visited 1 branch of the dungeon, and saw 2 of its levels.

You collected 47 gold pieces.

Inventory:

Hand Weapons
 g - a +0 short sword (weapon)
Armour
 a - a +0 robe (worn)
Scrolls
 d - a scroll of noise {unknown}
 e - a scroll of amnesia {unknown}
 f - a scroll of blinking {unknown}
 h - 2 scrolls of remove curse {unknown}
 i - 2 scrolls of random uselessness {unknown}
Potions
 j - a potion of flight {unknown}
Books
 b - a book of Flames

   Spells                             Type                      Level
   a - Flame Tongue                   Conjuration/Fire             1
   b - Throw Flame                    Conjuration/Fire             2
   c - Conjure Flame                  Conjuration/Fire             3
   d - Inner Flame                    Hexes/Fire                   3
   e - Sticky Flame                   Conjuration/Fire             4
   f - Fireball                       Conjuration/Fire             5
Comestibles
 c - a bread ration
 k - 7 chunks of flesh


   Skills:
 + Level 2.1 Dodging
 + Level 3.3 Stealth
 + Level 2.3 Spellcasting
 + Level 1.1 Conjurations
 + Level 3.6 Fire Magic


You had 5 spell levels left.
You knew the following spells:

 Your Spells              Type           Power        Failure   Level  Hunger
a - Flame Tongue          Conj/Fire      #....        10%         1    #......


Dungeon Overview and Level Annotations

Branches:
Dungeon (2/15)

Altars:

Annotations:
D:2 Robin


Innate Abilities, Weirdness & Mutations

You cannot wear boots.
Your serpentine skin is tough (AC +1).
You have supernaturally acute eyesight.
Armour fits poorly on your strangely shaped body.
Your system is resistant to poisons.
You cover ground very slowly.
You have a slow metabolism.
You can spit poison.


Message History

Aim: a goblin, wielding a club (unusually strong)
The flame tongue hits the goblin.
The goblin is moderately wounded.
The goblin hits you.
* * * LOW HITPOINT WARNING * * *
The goblin barely misses you.
Casting: Flame Tongue
Confirm with . or Enter, or press ? or * to list all spells.
Aiming: Flame Tongue
Press: ? - help, Shift-Dir - straight line, f/p - goblin
Aim: a goblin, wielding a club (moderately wounded, unusually strong)
The flame tongue hits the goblin.
You kill the goblin!
The goblin hits you.
* * * LOW HITPOINT WARNING * * *
Things that are here:
a club; 19 stones The goblin barely misses you.
The goblin hits you.
You die...

#.######.#...#####.#####...
##.#......#.#.# #.# ####
#.#......##.#.# #.#
##.#.###.##.#.# #.# ###.#
#.##.#.#####.# #.#
#............# #.#
####.#.#######
#.#####....###
#.......@....#
#######.g..#.# ##.#.#.#
#)#.#.# #>#.#.#
##########.#.#.#
#..........#.#.#
#.##########.#.# #.#
#....########


You could see a goblin.

Vanquished Creatures
  A worm (D:2)
  2 dart slugs
  2 bats (D:1)
  A giant cockroach (D:1)
  7 goblins
  3 hobgoblins
  3 jackals (D:2)
  A giant newt (D:1)
  5 kobolds (D:1)
  9 rats (D:1)
34 creatures vanquished.

Notes
Turn   | Place    | Note
--------------------------------------------------------------
     0 | D:1      | MBI the Naga Fire Elementalist began the quest for the Orb.
     0 | D:1      | Reached XP level 1. HP: 15/15 MP: 3/3
   489 | D:1      | Reached XP level 2. HP: 22/22 MP: 3/5
   834 | D:1      | Reached XP level 3. HP: 28/28 MP: 3/6
  1099 | D:2      | Noticed Robin
  1139 | D:1      | HP: 1/28 [goblin[Robin] (2)]
  1143 | D:1      | Slain by a goblin

Skill      XL: |  1  2 |
---------------+-------+-----
Dodging        | 2 |  2.1
Stealth        | |  3.3
Spellcasting   | |  2.3
Conjurations   | |  1.1
Fire Magic     | |  3.6

Action                   || total
-------------------------++-------
Melee: Short sword       ||    16
       Unarmed           ||     3
 Cast: Flame Tongue      ||    46
 Stab: Sleeping          ||     1
  Eat: Pizza             ||     1
Armor: Robe              ||     7
Dodge: Dodged            ||    38
